 Dungeon Crawl Stone Soup version 0.30.0-15-g856e2d3f33 (webtiles) character file.

Game seed: 17175944345036069947

66 minhee2137 the Magician (level 3, -1/25 HPs)
             Began as a Demonspawn Hedge Wizard on May 19, 2023.
             Slain by a goblin
             ... wielding a +0 dagger
             ... led by Robin
              (4 damage)
             ... on level 2 of the Dungeon.
             The game lasted 00:06:38 (990 turns).

minhee2137 the Magician (Demonspawn Hedge Wizard)    Turns: 990, Time: 00:06:39

Health: -1/25      AC:  2    Str: 10    XL:     3   Next: 96%
Magic:  4/8        EV: 27    Int: 17    God:
Gold:   81         SH:  0    Dex: 12    Spells: 3/9 levels left

rFire   . . .        e - +0 whip
rCold   . . .        (no shield)
rNeg    . . .        b - +0 robe
rPois   .            c - +0 hat
rElec   .            l - scarf {shadows}
rCorr   .            (no gloves)
SInv    .            (no boots)
Will    .....        j - amulet of the acrobat
Stlth   ++           (no ring)
HPRegen 0.24/turn    (no ring)
MPRegen 0.11/turn

%: acrobat
@: acrobatic
A: sturdy frame 1, demonic touch 1
a: no special abilities


You were on level 2 of the Dungeon.
You visited 1 branch of the dungeon, and saw 2 of its levels.

You collected 81 gold pieces.

Inventory:

Hand Weapons
 a - a +0 dagger
 e - a +0 whip (weapon)
Armour
 b - a +0 robe (worn)
 c - a +0 hat (worn)
 g - a +0 plate armour
 l - a scarf of shadows (worn)
Jewellery
 j - an amulet of the acrobat (around neck)
Scrolls
 h - a scroll of identify
 m - a scroll of immolation {unknown}
Potions
 d - a potion of magic
 f - a potion of haste
 i - a potion of might
 k - a potion of heal wounds {unknown}


   Skills:
 + Level 0.4 Fighting
 + Level 0.7 Maces & Flails
 + Level 2.2 Dodging
 + Level 2.0 Stealth
 + Level 3.8 Spellcasting
 + Level 1.5 Conjurations
 + Level 1.2 Summonings
 + Level 0.8 Translocations


You had 3 spell levels left.
You knew the following spells:

 Your Spells              Type           Power      Damage    Failure   Level
a - Magic Dart            Conj           32%        1d4       9%          1
b - Call Imp              Summ           14%        N/A       14%         2
c - Blink                 Tloc           12%        N/A       17%         2
d - Slow                  Hex            12%        N/A       16%         1

Your spell library contained the following spells:

 Spells                   Type           Power      Damage    Failure   Level
 Cigotuvi's Dreadful Rot  Necr/Pois/Air  6%         N/A       24%         2
 Gell's Gravitas          Tloc           6%         N/A       34%         3
 Teleport Other           Tloc           6%         N/A       34%         3
 Mephitic Cloud           Conj/Pois/Air  4%         N/A       36%         3
 Dispersal                Tloc           3%         N/A       100%        6


Dungeon Overview and Level Annotations

Branches:
Dungeon (2/15)

Altars:

Shops:
D:1 *

Annotations:
D:2 Robin


Innate Abilities, Weirdness & Mutations

Your movements are slightly less encumbered by armour. (ER -2)
Your touch may inflict minor irresistible damage on your foes.


Message History

The goblin attacks as you move away! The goblin completely misses you.
Robin throws the goblin at you! The goblin completely misses you.
The goblin attacks as you move away! The goblin completely misses you.
The bat completely misses you. The goblin closely misses you.
The bat attacks as you move away! The bat barely misses you.
The bat misses you. The bat attacks as you move away!
The bat barely misses you. The bat hits you but does no damage.
The bat completely misses you. The goblin attacks as you move away!
The goblin misses you. The bat barely misses you.
The goblin attacks as you move away! The goblin closely misses you.
The bat completely misses you. The bat misses you.
The bat completely misses you.
Casting: Blink (safe; 17% risk of failure)
Press: ? - help, Q - select action, (/) - cycle Dir - look around, f - activate You blink.
A goblin comes into view. It is wielding a +0 dagger.
The goblin shouts!
The frilled lizard hisses angrily.
You hear a shout!
You hear an angry hiss.
The hobgoblin hits you. The hobgoblin attacks as you move away!
The hobgoblin hits you. The bat misses you.
Robin roars a battlecry!
The goblins go into a battle-frenzy!
The bat attacks as you move away! The bat misses you.
The hobgoblin attacks as you move away! The hobgoblin barely misses you.
The bat completely misses you. The hobgoblin hits you.
* * * LOW HITPOINT WARNING * * *
The hobgoblin attacks as you move away! The hobgoblin hits you.
* * * LOW HITPOINT WARNING * * *
The bat misses you. The bat attacks as you move away!
The bat completely misses you. x2
The goblin attacks as you move away! The goblin closely misses you.
The bat attacks as you move away! The bat misses you.
You feel stable enough to blink again. The bat completely misses you.
The bat misses you. The goblin attacks as you move away!
The goblin hits you with a +0 dagger.
You die...

.. .. .# .# ..# # ##
.##... #. #. ....# .g...
##.##.#..# .....
......@..# . .....
#......bgg##.# #S..
#.....gggg...# ##...
#....g.g.g#### ##....
#......g.g## ####..#..
#......l...#####........
#...............g.......
#................gg...†.
####..####..........)...


You could see Robin, 4 hobgoblins, 6 goblins, a bat and a frilled lizard.

Vanquished Creatures
  Natasha (D:2)
  A dart slug (D:1)
  8 bats
  3 endoplasms (D:1)
  3 goblins
  4 hobgoblins
  2 jackals (D:1)
  A quokka (D:1)
  2 ball pythons (D:1)
  A frilled lizard (D:1)
  3 kobolds
  A rat (D:1)
30 creatures vanquished.

Vanquished Creatures (collateral kills)
  A goblin (D:1)
  2 jackals (D:1)
  A frilled lizard (D:1)
4 creatures vanquished.

Grand Total: 34 creatures vanquished

Notes
Turn   | Place    | Note
-------+----------+-------------------------------------------
     0 | D:1      | minhee2137 the Demonspawn Hedge Wizard began the quest for
                  | the Orb.
     0 | D:1      | Reached XP level 1. HP: 13/13 MP: 4/4
   221 | D:1      | Gained mutation: Your touch may inflict minor irresistible
                  | damage on your foes. [demonic ancestry]
   221 | D:1      | Reached XP level 2. HP: 11/19 MP: 3/6
   255 | D:1      | Learned a level 2 spell: Call Imp
   258 | D:1      | Learned a level 2 spell: Blink
   549 | D:1      | Gained mutation: Your movements are slightly less
                  | encumbered by armour. (ER -2) [demonic ancestry]
   549 | D:1      | Reached XP level 3. HP: 21/24 MP: 4/8
   604 | D:1      | Found Ozecuh's General Store.
   911 | D:2      | Noticed Natasha
   918 | D:2      | Killed Natasha
   956 | D:2      | Learned a level 1 spell: Slow
   961 | D:2      | Noticed Robin
   990 | D:2      | Slain by a goblin

Illustrated notes

Levels and vault maps discovered:
D:1:      dpeg_arrival_boxorama, layout_loops_ring, serial_shops, shop
D:2:      layout_rooms, basic_altar, uniq_natasha, uniq_robin

Skill      XL: |  1  2  3 |
---------------+----------+-----
Dodging        | 2 |  2.2
Stealth        | 2 |  2.0
Fighting       | |  0.4
Maces & Flails | |  0.7
Spellcasting   | |  3.8
Conjurations   | |  1.5
Summonings     | |  1.2
Translocations | |  0.8

Action                     || total
---------------------------++-------
  Melee: Whip              ||    52
         Dagger            ||     4
         Touch             ||     9
         Punch             ||     1
   Cast: Magic Dart        ||    39
         Call Imp          ||     3
         Blink             ||     2
    Use: Scroll            ||     3
         Potion            ||     1
 Armour: Robe              ||    26
  Dodge: Dodged            ||   118
